 Dungeon Crawl Stone Soup version 0.29.1-1-gd02db69 (webtiles) character file.

Game seed: 8907992960257858854

6045 Triovana the Carver (level 10, -1/118 HPs)
             Began as a Merfolk Chaos Knight on Feb 23, 2023.
             Was a Plaything of Xom.
             Slain by a blink frog (13 damage)
             ... on level 1 of the Lair of Beasts.
             The game lasted 00:46:52 (7511 turns).

Triovana the Carver (Merfolk Chaos Knight)          Turns: 7511, Time: 00:46:53

Health: -1/118     AC: 25    Str:  9 (11) XL:     10   Next: 87%
Magic:  10/10      EV:  2    Int: 20      God:    Xom [.....*]
Gold:   221        SH:  0    Dex: 22      Spells: 6/9 levels left

rFire   + . .      SeeInvis .   n - +8 scimitar "Team" {flame, *Rage rF+ rN+ Int+3}
rCold   . . .      Faith    .   (no shield)
rNeg    + . .      Spirit   .   (body armour currently unavailable)
rPois   +          Reflect  .   (helmet currently unavailable)
rElec   .          Harm     .   (cloak currently unavailable)
rCorr   .          Rampage  .   (gloves currently unavailable)
Will    .....      Rage     20% (boots currently unavailable)
Stlth   ++++...... NoTele   +   A - amulet of the acrobat
HPRegen 0.29/turn               E - ring of poison resistance
MPRegen 0.12/turn               t - +6 ring of dexterity

@: tree-form, on berserk cooldown
A: stationary, stasis, torment immunity, boosted hp, (nimble swimmer 2),
(mertail), (iridescent scales 1), clever 1, deterioration 1, evolution 1,
inability to drink after injury 1
a: Renounce Religion


You were on level 1 of the Lair of Beasts.
You worshipped Xom.
You were Xom's teddy bear.
You were a tree.
You visited 2 branches of the dungeon, and saw 10 of its levels.

You collected 502 gold pieces.
You spent 281 gold pieces at shops.

Inventory:

Hand Weapons
 a - a +0 spear of chaos
 n - the +8 scimitar "Team" (weapon) {flame, *Rage rF+ rN+ Int+3}
   (You found it on level 2 of the Dungeon)

   It burns those it strikes, dealing additional fire damage.
   Big, fiery blades are also staple armaments of hydra-hunters.
   Int:       It affects your intelligence (+3).
   rF:        It protects you from fire.
   rN:        It protects you from negative energy.
   *Rage:     It berserks you when you make melee attacks (+20% chance).
 V - a +2 trident of chaos
Armour
 r - a +0 helmet of see invisible (melded)
 B - a +1 pair of boots (melded)
 Y - a +2 plate armour of fire resistance (melded)
Magical Staves
 Q - a staff of fire
Jewellery
 d - a ring of see invisible
 h - an amulet of regeneration
 t - a +6 ring of dexterity (right branch)
 A - an amulet of the acrobat (around neck)
 E - a ring of poison resistance (left branch)
 K - an amulet of magic regeneration
 M - an amulet of guardian spirit
Wands
 e - a wand of flame (12)
 x - a wand of digging (1)
 D - a wand of quicksilver (4)
Scrolls
 b - a scroll of vulnerability {unknown}
 f - 2 scrolls of magic mapping {unknown}
 i - a scroll of blinking {unknown}
 j - 2 scrolls of enchant weapon {unknown}
 m - a scroll of fear {unknown}
 w - 2 scrolls of poison {unknown}
 y - a scroll of noise {unknown}
 H - a scroll of silence {unknown}
 N - a scroll of amnesia {unknown}
 O - 2 scrolls of teleportation {unknown}
Potions
 g - 2 potions of curing
 l - 4 potions of brilliance
 o - 2 potions of berserk rage
 p - 2 potions of attraction
 v - a potion of lignification
 C - a potion of flight {unknown}
 F - a potion of haste {unknown}
 G - a potion of magic {unknown}
 J - 2 potions of mutation
Miscellaneous
 c - a piece from Xom's chessboard (15/15) (quivered)


   Skills:
 + Level 7.3 Fighting
 + Level 12.7 Long Blades
 + Level 5.2 Polearms
 + Level 3.8 Armour
 + Level 7.5 Dodging
 + Level 7.3 Stealth
 + Level 1.9 Evocations


You had 6 spell levels left.
You knew the following spells:

 Your Spells              Type           Power      Damage    Failure   Level
a - Vampiric Draining     Necr           0%         2d6       50%         3

Your spell library contained the following spells:

 Spells                   Type           Power      Damage    Failure   Level
 Apportation              Tloc           0%         N/A       19%         1
 Freeze                   Ice            0%         1d3       19%         1
 Necrotise                Necr           0%         1d4       19%         1
 Static Discharge         Conj/Air       0%         3-3/arc   28%         2
 Frozen Ramparts          Ice            0%         1d1       50%         3
 Summon Guardian Golem    Hex/Summ       0%         N/A       50%         3
 Dispel Undead            Necr           0%         3d6       88%         4
 Hailstorm                Conj/Ice       0%         3d3       88%         4
 Sticky Flame             Conj/Fire      0%         2d3       88%         4
 Agony                    Necr           0%         N/A       99%         5
 Alistair's Intoxication  Tmut/Pois      0%         N/A       99%         5
 Summon Forest            Summ/Tloc      0%         N/A       99%         5
 Eringya's Noxious Bog    Tmut/Pois      0%         N/A       100%        6
 Orb of Destruction       Conj           0%         9d5       100%        7
 Spellforged Servitor     Conj/Summ      0%         N/A       100%        7
 Summon Hydra             Summ           0%         N/A       100%        7


Dungeon Overview and Level Annotations

Branches:
Dungeon (9/15)             Temple (0/1) D:7            Lair (1/5) D:9
    Orc (0/2) D:9

Altars:
Ashenzari
Dithmenos
Fedhas
Hepliaklqana
Kikubaaqudgha
Okawaru
Qazlal
Ru
Sif Muna
Trog
Uskayaw
Vehumet
Wu Jian
Xom
Zin

Shops:
D:4 [   D:7 *   D:9 :


Innate Abilities, Weirdness & Mutations

You are a tree.
Your roots penetrate the ground, keeping you stationary.
You cannot be teleported.
You are immune to unholy pain and torment.
Your maximum health is greatly increased.
Your equipment is partially melded.
((You are very nimble when in or above water. (Stealth+, EV+, Speed+++)))
((Your lower body shifts to a powerful aquatic tail in water.))
((You are partially covered in iridescent scales. (AC +2)))
Your mind is acute. (Int +4, Str/Dex -1)
Your body sometimes deteriorates upon taking damage.
You have hidden genetic potential.
You occasionally lose the ability to drink potions when taking damage.


Message History

The blink frog completely misses you.
You feel less confused.
The blink frog hits you but does no damage.
The blink frog hits you.
* * * LOW HITPOINT WARNING * * *
The blink frog blinks!
You feel better.
The blink frog hits you but does no damage.
You drop a scroll of butterflies.
The blink frog hits you.
* * * LOW HITPOINT WARNING * * *
The blink frog hits you but does no damage.
The blink frog barely misses you. The blink frog hits you!
* * * LOW HITPOINT WARNING * * *
You feel better.
The blink frog hits you but does no damage. x2
Aiming: Throw Flame
Press: ? - help, Shift-Dir - straight line, f - blink frog
Aim: a blink frog (heavily wounded, 50% to hit)
Okay, then.
Aiming: Throw Flame
Press: ? - help, Shift-Dir - straight line, f - blink frog
Aim: a blink frog (heavily wounded, 50% to hit)
The puff of flame hits the blink frog.
The blink frog is severely wounded.
The blink frog hits you!
* * * LOW HITPOINT WARNING * * *
The blink frog hits you!
* * * LOW HITPOINT WARNING * * *
The blink frog hits you.
* * * LOW HITPOINT WARNING * * *
The blink frog hits you.
* * * LOW HITPOINT WARNING * * *
You feel better.
The blink frog hits you but does no damage.
The blink frog hits you.
* * * LOW HITPOINT WARNING * * *
You slash the blink frog! You burn the blink frog.
The blink frog is almost dead.
The blink frog blinks!
The blink frog hits you!
You die...

.............)#
......†..<....##
#..P##....##...#
...........#..##
##...##......#
#.#..#†....##
##....#..#..#
.##...F.#..#..#
......†♣§..#..#
.##.....†..#..#
#F.⌠..#...#..#
.........?.#..#
......##.PP..
.....# .......
.⌠..# .......#
...# ........#


You could see 2 blink frogs.

Vanquished Creatures
  A two-headed ogre (D:8)
  Joseph (D:8)
  2 trolls (D:9)
  A blink frog (Lair:1)
  3 wyverns
  A vampire (D:9)
  4 steam dragons
  Menkaure (D:5)
  2 water moccasins
  5 orc warriors
  An ice beast (D:7)
  A sky beast (D:7)
  A black bear (D:4)
  An ogre (D:4)
  3 wolves (Lair:1)
  2 centaurs (D:8)
  Blork the orc (D:6)
  2 kobold brigands (D:9)
  2 bullfrogs
  A necrophage (D:5)
  2 scorpions
  A gnoll sergeant (D:8)
  5 wights (D:7)
  3 killer bees (D:9)
  A howler monkey (D:8)
  A jelly (D:7)
  5 orc priests
  3 hounds
  4 iguanas
  8 orc wizards
  Robin (D:4)
  10 adders
  10 gnolls
  A white imp (D:7)
  3 dart slugs
  30 orcs
  10 endoplasms
  2 giant cockroaches (D:2)
  12 goblins
  11 hobgoblins
  A jackal (D:2)
  16 kobolds
  6 quokkas
  9 ball pythons
  4 bats
  5 frilled lizards
  6 rats
206 creatures vanquished.

Vanquished Creatures (others)
  A blink frog (Lair:1)
  2 orc wizards (D:9)
  A gnoll (D:8)
  3 orcs
  A fungus (D:3)
  3 plants
11 creatures vanquished.

Grand Total: 217 creatures vanquished

Notes
Turn   | Place    | Note
-------+----------+-------------------------------------------
     0 | D:1      | Triovana the Merfolk Chaos Knight began the quest for the
                  | Orb.
     0 | D:1      | Reached XP level 1. HP: 18/18 MP: 1/1
    87 | D:1      | Gained mutation: You are partially covered in iridescent
                  | scales. (AC +2) [potion of mutation]
   254 | D:1      | Reached XP level 2. HP: 22/24 MP: 2/2
   894 | D:2      | XOM: silly message
  1017 | D:2      | Reached XP level 3. HP: 28/30 MP: 3/3
  1037 | D:2      | Reached skill level 1 in Armour
  1084 | D:2      | Reached skill level 1 in Stealth
  1139 | D:2      | Reached XP level 4. HP: 37/37 MP: 4/4
  1299 | D:2      | XOM: silly message
  1438 | D:2      | Reached skill level 5 in Polearms
  1449 | D:2      | Identified the +8 scimitar "Team" {flame, *Rage rF+ rN+
                  | Int+3}
  1534 | D:2      | XOM: silly message
  1620 | D:2      | XOM: divination: magic mapping
  1723 | D:3      | Found a bloodstained altar of Trog.
  1723 | D:3      | Found a blossoming altar of Fedhas.
  1779 | D:3      | Learned a level 3 spell: Vampiric Draining
  1852 | D:3      | Found a glowing silver altar of Zin.
  1886 | D:3      | Found a faded altar of an unknown god.
  1921 | D:3      | Reached XP level 5. HP: 41/42 MP: 5/5
  1933 | D:3      | Found a stormy altar of Qazlal.
  1950 | D:3      | Reached skill level 1 in Long Blades
  2005 | D:3      | Identified the +3 leather armour "Honepsaext" {rCorr Dex+4
                  | Stlth+}
  2367 | D:4      | Noticed a black bear
  2372 | D:4      | Reached skill level 2 in Long Blades
  2374 | D:4      | Lost mutation: You are partially covered in iridescent
                  | scales. (AC +2) [potion of mutation]
  2374 | D:4      | Gained mutation: You occasionally lose the ability to drink
                  | potions when taking damage. [potion of mutation]
  2374 | D:4      | Gained mutation: Your muscles are strong. (Str +4, Int/Dex
                  | -1) [potion of mutation]
  2374 | D:4      | Gained mutation: Your mind is acute. (Int +4, Str/Dex -1)
                  | [potion of mutation]
  2374 | D:4      | Gained mutation: You are partially covered in iridescent
                  | scales. (AC +2) [potion of mutation]
  2375 | D:4      | XOM: cast spell 'Leda's Liquefaction'
  2376 | D:4      | Killed a black bear
  2377 | D:4      | Reached skill level 3 in Long Blades
  2377 | D:4      | Reached XP level 6. HP: 45/49 MP: 6/6
  2425 | D:4      | Found a shadowy altar of Dithmenos.
  2516 | D:4      | Noticed Robin
  2523 | D:4      | Killed Robin
  2624 | D:4      | XOM: silly message
  2627 | D:4      | Reached skill level 4 in Long Blades
  2627 | D:4      | Reached XP level 7. HP: 55/55 MP: 7/7
  2646 | D:4      | Found a hide-covered altar of Uskayaw.
  2768 | D:4      | Found a sacrificial altar of Ru.
  2871 | D:4      | Found Igoj's Armour Boutique.
  2879 | D:4      | Bought a +0 helmet of see invisible for 161 gold pieces
  2915 | D:4      | Found an iron altar of Okawaru.
  3078 | D:5      | Entered Level 5 of the Dungeon
  3280 | D:5      | Noticed Menkaure
  3289 | D:5      | Killed Menkaure
  3290 | D:5      | Reached skill level 5 in Long Blades
  3481 | D:5      | XOM: cleaving
  3486 | D:5      | Reached skill level 5 in Fighting
  3586 | D:5      | Reached skill level 1 in Evocations
  3614 | D:5      | Reached skill level 6 in Long Blades
  3900 | D:5      | You fall into a shaft and drop 3 floors!
  3914 | D:8      | Noticed Joseph
  3924 | D:8      | Killed Joseph
  3925 | D:8      | Reached skill level 7 in Long Blades
  3925 | D:8      | Reached skill level 5 in Dodging
  3925 | D:8      | Reached XP level 8. HP: 43/62 MP: 8/8
  3928 | D:8      | Found a broken altar of Ashenzari.
  4134 | D:8      | Found a shimmering blue altar of Sif Muna.
  4172 | D:8      | XOM: give mutations
  4172 | D:8      | Gained mutation: You are frail. (-10% HP) [Xom's mischief]
  4172 | D:8      | Gained mutation: Your body sometimes deteriorates upon
                  | taking damage. [Xom's mischief]
  4172 | D:8      | Lost mutation: You occasionally lose the ability to drink
                  | potions when taking damage. [Xom's mischief]
  4172 | D:8      | Lost mutation: You are frail. (-10% HP) [Xom's mischief]
  4316 | D:7      | XOM: stealth player
  4333 | D:7      | XOM: 1-stop teleportation journey
  4344 | D:7      | Found Kannov's Assorted Antiques.
  4373 | D:7      | Bought a dented peridot amulet for 120 gold pieces
  4385 | D:7      | Found an ornate altar of the Wu Jian Council.
  4391 | D:7      | Reached skill level 8 in Long Blades
  4398 | D:7      | XOM: scenery: create altars
  4400 | D:7      | Reached XP level 9. HP: 65/68 MP: 9/9
  4446 | D:7      | Reached skill level 5 in Stealth
  4476 | D:7      | XOM: god gift: 48 gold pieces
  4547 | D:6      | Noticed Blork the orc
  4555 | D:6      | XOM: smoke on damage
  4561 | D:6      | Killed Blork the orc
  4562 | D:6      | Reached skill level 9 in Long Blades
  4642 | D:6      | Found a hazy altar of Hepliaklqana.
  4834 | D:6      | Found a radiant altar of Vehumet.
  4871 | D:6      | XOM: god gift: whip {god gift}
  4976 | D:7      | Found a staircase to the Ecumenical Temple.
  5004 | D:7      | XOM: god gift: scroll labelled TETSUN QIEFOS {god gift}
  5073 | D:7      | XOM: scenery: create altars
  5194 | D:7      | Identified the +0 robe "Zuycask" {*Slow Str+2 Stlth+}
  5210 | D:7      | XOM: scenery: 1 doors open
  5245 | D:7      | XOM: cloud trail
  5378 | D:7      | Reached skill level 10 in Long Blades
  5733 | D:8      | Found an ancient bone altar of Kikubaaqudgha.
  5745 | D:8      | XOM: destruction
  5999 | D:8      | XOM is BORED!
  5999 | D:8      | XOM: give mutation
  5999 | D:8      | Lost mutation: Your muscles are strong. (Str +4, Int/Dex
                  | -1) [Xom's mischief]
  6003 | D:8      | Noticed a two-headed ogre
  6016 | D:8      | Killed a two-headed ogre
  6017 | D:8      | Reached skill level 11 in Long Blades
  6017 | D:8      | Reached XP level 10. HP: 77/77 MP: 10/10
  6288 | D:9      | Found Cobuf's Book Emporium.
  6335 | D:9      | XOM: cast spell 'Dispersal'
  6345 | D:9      | Found a staircase to the Orcish Mines.
  6442 | D:9      | XOM: divine lightning
  6475 | D:9      | XOM: god gift: +2 trident of chaos
  6564 | D:9      | XOM: god gift: potion of mutation
  6633 | D:9      | XOM: give mutations
  6633 | D:9      | Gained mutation: You have hidden genetic potential. [Xom's
                  | mischief]
  6633 | D:9      | Gained mutation: You occasionally lose the ability to drink
                  | potions when taking damage. [Xom's mischief]
  6882 | D:9      | Found a staircase to the Lair.
  7062 | D:9      | XOM: silly message
  7184 | D:9      | Reached skill level 12 in Long Blades
  7442 | Lair:1   | Entered Level 1 of the Lair of Beasts
  7475 | Lair:1   | XOM: enchant monster (bad)
  7492 | Lair:1   | XOM: noise
  7500 | Lair:1   | XOM: confusion (+ monsters)
  7501 | Lair:1   | HP: 2/118 [blink frog (13)]
  7511 | Lair:1   | Slain by a blink frog

Illustrated notes

Levels and vault maps discovered:
D:1:      minmay_arrival_hallway, layout_basic
D:2:      minmay_thinvault, layout_loops_corners, serial_park_tiny_2
D:3:      layout_basic, mainiacjoe_overflow_tiny_flanked,
          mainiacjoe_overflow_small_starburst,
          gammafunk_temple_overflow_elements,
          shapermc_ecumenical_altar_acropolis
D:4:      layout_cave_pools, grunt_dithmenos_smoke,
          mainiacjoe_overflow_alcove_4, mainiacjoe_overflow_brackets,
          marbit_many_paths, nicolae_inconvenience_store, serial_bayou_lagoon_a,
          uniq_robin
D:5:      layout_layer_cave, uniq_menkaure
D:6:      layout_rooms, mainiacjoe_overflow_surrounded_room,
          vehumet_altar_wand_db, uniq_blork_the_orc
D:7:      layout_basic, nicolae_wu_jian_wuxing_cycle,
          minmay_temple_entry_gardened_gates, serial_shops, nicolae_shop_trees,
          amcnicky_mini_pool_small
D:8:      layout_loops_corners, overflow_temple_1_default,
          mainiacjoe_overflow_alcove_2, kennysheep_mini, minivault_4,
          skrybe_limestone_x, uniq_joseph
D:9:      layout_long_grid, lair_entry_dummy, david_orc_2, serial_shops, shop,
          kennysheep_generic_room_8
Lair:1:   layout_chaotic_city, grunt_megastairs_3

Skill      XL: |  1  2  3  4  5  6  7  8  9 10 |
---------------+-------------------------------+-----
Armour         | 1 2 3 |  3.8
Stealth        | 1 2 3 4 7 |  7.3
Dodging        | 3 4 5 6 7 |  7.5
Polearms       | 5 |  5.2
Fighting       | 4 5 6 7 |  7.3
Long Blades    | 3 4 7 8 11 12 | 12.7
Evocations     | 1 |  1.9

Action                   |  1- 3 |  4- 6 |  7- 9 | 10-12 || total
-------------------------+-------+-------+-------+-------++-------
Melee: Spear             |   105 |    27 |       |       ||   132
       Punch             |     1 |       |     2 |     1 ||     4
       Scimitar          |       |    76 |   142 |   121 ||   339
       Tailslap          |       |       |     3 |       ||     3
Evoke: Piece from Xom's  |    12 |       |     5 |       ||    17
       Wand              |       |       |     2 |     1 ||     3
  Use: Potion            |     3 |     1 |       |    14 ||    18
       Scroll            |     2 |     2 |     7 |       ||    11
 Stab: Confused          |     2 |       |       |       ||     2
       Paralysed         |     2 |       |       |       ||     2
       Sleeping          |     2 |     2 |    11 |       ||    15
       Petrifying        |     1 |       |       |       ||     1
Armor: Leather armour    |    32 |    65 |    32 |    19 ||   148
       Skin              |       |       |       |    89 ||    89
       Plate armour      |       |       |       |    55 ||    55
Dodge: Dodged            |    66 |   118 |   136 |   133 ||   453
